 Dungeon Crawl Stone Soup version 0.30.1-11-g7821555f0a (webtiles) character file.

Game seed: 13668748934946938909

836 porpoise the Skirmisher (level 7, -1/62 HPs)
             Began as a Minotaur Hunter on Dec 28, 2023.
             Slain by a two-headed ogre
             ... wielding a +0 giant spiked club
              (15 damage)
             ... on level 5 of the Dungeon.
             The game lasted 00:12:36 (3785 turns).

porpoise the Skirmisher (Minotaur Hunter)           Turns: 3785, Time: 00:12:37

Health: -1/62      AC:  8    Str: 16    XL:     7   Next: 66%
Magic:  6/6        EV: 10    Int:  6    God:
Gold:   1957       SH:  0    Dex: 15    Spells: 6/6 levels left

rFire   . . .        a - +1 shortbow
rCold   . . .        (shield currently unavailable)
rNeg    . . .        u - +0 scale mail {Will+}
rPois   .            (helmet restricted)
rElec   .            (no cloak)
rCorr   .            A - +0 pair of gloves
SInv    .            (no boots)
Will    +....        c - amulet of regeneration Stlth
                     (no ring)
HPRegen 1.10/turn    (no ring)
MPRegen 0.10/turn

%: no passive effects
@: about to teleport, studying Armour
A: horns 2, retaliatory headbutt
a: no special abilities


You were on level 5 of the Dungeon.
You visited 1 branch of the dungeon, and saw 5 of its levels.

You collected 1957 gold pieces.

Inventory:

Hand Weapons
 a - a +1 shortbow (weapon)
Missiles
 h - 6 datura-tipped darts
 t - 13 poisoned darts
Armour
 m - a +0 ring mail
 n - a scarf of harm
 u - a +0 scale mail of willpower (worn)
 A - a +0 pair of gloves (worn)
Jewellery
 c - an amulet of regeneration (around neck)
 v - a ring of protection from fire
Wands
 r - a wand of flame (20)
 x - a wand of quicksilver (7)
Scrolls
 b - 2 scrolls of immolation
 d - a scroll of fog {unknown}
 g - a scroll of summoning {unknown}
 k - a scroll of fear {unknown}
 o - a scroll of magic mapping
 p - a scroll of enchant weapon
 y - a scroll of poison {unknown}
Potions
 e - 3 potions of flight
 f - a potion of magic
 i - a potion of brilliance
 j - a potion of heal wounds
 l - 3 potions of curing
 s - a potion of lignification
 w - a potion of attraction {unknown}
 z - a potion of mutation {unknown}
 B - a potion of berserk rage {unknown}


   Skills:
 + Level 5.9 Fighting
 * Level 8.4 Ranged Weapons
 - Level 5.0 Armour
 - Level 2.1 Dodging
 - Level 0.7 Stealth


You had 6 spell levels left.
You didn't know any spells.
Your spell library contained the following spells:

 Spells                   Type           Power      Damage    Failure   Level
 Beastly Appendage        Tmut           0%         N/A       86%         1
 Cigotuvi's Dreadful Rot  Necr/Pois/Air  0%         N/A       94%         2
 Wereblood                Tmut           0%         N/A       94%         2
 Ignite Poison            Fire/Tmut/Pois 0%         N/A       99%         3
 Spider Form              Tmut/Pois      0%         N/A       99%         3
 Freezing Cloud           Conj/Ice/Air   0%         6-21      100%        5


Dungeon Overview and Level Annotations

Branches:
Dungeon (5/15)
 Temple: D:4-7

Altars:
Ashenzari
Elyvilon
Fedhas
Kikubaaqudgha


Innate Abilities, Weirdness & Mutations

You have a pair of horns on your head.
You reflexively headbutt those who attack you in melee.


Message History

You shoot an arrow. The arrow hits the gnoll.
The gnoll is moderately wounded.
You shoot an arrow. The arrow hits the gnoll!
You kill the gnoll!
No target in view!
No target in view!
Found a stone staircase leading down.
B - a bubbling sapphire potion
Items here: )) ††.
You now have 1954 gold pieces (gained 16).
You now have 1957 gold pieces (gained 3).
Found a stone staircase leading down.
l - 3 potions of curing (gained 1)
Found a dagger.
You see here a +0 dagger.
A two-headed ogre comes into view.
It is wielding a +0 giant spiked club and a +0 dire flail.
The two-headed ogre moves out of view.
You shoot an arrow.
The arrow barely misses the two-headed ogre.
You shoot an arrow. The arrow hits the two-headed ogre.
The two-headed ogre is lightly wounded.
You shoot an arrow. The arrow hits the two-headed ogre!
The two-headed ogre is lightly wounded.
The two-headed ogre closely misses you.
The two-headed ogre hits you with a +0 dire flail!!
You shoot an arrow.
The arrow closely misses the two-headed ogre.
The two-headed ogre hits you with a +0 giant spiked club!
The two-headed ogre hits you with a +0 dire flail!
* * * LOW HITPOINT WARNING * * *
You are too injured to fight recklessly!
Unknown command.
As you read the scroll of teleportation, it crumbles to dust.
You feel strangely unstable.
You shoot an arrow. The arrow hits the two-headed ogre.
The two-headed ogre is moderately wounded.
The two-headed ogre barely misses you. You furiously retaliate!
You headbutt the two-headed ogre.
The two-headed ogre hits you with a +0 dire flail!
You die...

...## ##......## ....#
##........# ...
.....##.........### ...#
####..#...........##....
#..........#......#
##.........##..... .... #
##.............. #..#
#####.####.......O# ##..##
..##.## #.###.@.# #....##
##..## .####..# ##.....##
#....# #.# #..#..##.......#.#
...#.### #.###..#..............
.###...### #..##..#.......<...#
###..#...###..............)..##
###..###.......#..........).##
.....# ##.)#...#.............
#....###..##..#...........g...


You could see a two-headed ogre.

Vanquished Creatures
  An ice beast (D:4)
  2 phantoms (D:4)
  2 scorpions
  A bullfrog zombie (D:4)
  A centaur skeleton (D:4)
  A jelly (D:5)
  A hound (D:4)
  An orc priest (D:5)
  An iguana (D:4)
  A sleepcap (D:4)
  Natasha (thrice) (D:2)
  3 adders
  6 gnolls
  2 ufetubi
  An adder zombie (D:4)
  2 worms (D:3)
  A dart slug (D:4)
  10 orcs
  3 bats
  6 endoplasms
  2 giant cockroaches
  6 hobgoblins
  5 jackals
  6 kobolds
  7 quokkas
  7 ball pythons
  A frilled lizard (D:2)
  9 goblins
  3 rats
95 creatures vanquished.

Notes
Turn   | Place    | Note
-------+----------+-------------------------------------------
     0 | D:1      | porpoise the Minotaur Hunter began the quest for the Orb.
     0 | D:1      | Reached XP level 1. HP: 18/18 MP: 0/0
   309 | D:1      | Reached XP level 2. HP: 25/25 MP: 1/1
   355 | D:1      | Reached skill level 1 in Armour
   486 | D:1      | Found a faded altar of an unknown god.
   913 | D:2      | Reached skill level 5 in Ranged Weapons
   915 | D:2      | Reached XP level 3. HP: 31/31 MP: 2/2
  1050 | D:2      | Noticed Natasha
  1071 | D:2      | Killed Natasha
  1229 | D:2      | Noticed Natasha
  1237 | D:2      | Killed Natasha
  1238 | D:2      | Reached XP level 4. HP: 34/38 MP: 3/3
  1277 | D:2      | Noticed Natasha
  1279 | D:2      | Killed Natasha
  1420 | D:3      | Identified 3 scrolls of acquirement
  1420 | D:3      | Acquired 499 gold pieces
  1422 | D:3      | Acquired 1266 gold pieces
  1424 | D:3      | Acquired a manual of Armour
  1603 | D:3      | Found a broken altar of Ashenzari.
  1762 | D:3      | Noticed a scorpion
  1776 | D:3      | Killed a scorpion
  1777 | D:3      | Reached skill level 6 in Ranged Weapons
  1777 | D:3      | Reached XP level 5. HP: 40/46 MP: 4/4
  1814 | D:3      | Found an ancient bone altar of Kikubaaqudgha.
  2268 | D:4      | Found a blossoming altar of Fedhas.
  2337 | D:4      | Noticed a phantom
  2350 | D:4      | Killed a phantom
  2351 | D:4      | Reached XP level 6. HP: 46/53 MP: 5/5
  2550 | D:4      | Reached skill level 7 in Ranged Weapons
  2550 | D:4      | Reached skill level 5 in Armour
  2922 | D:4      | Reached skill level 5 in Fighting
  2972 | D:4      | Reached XP level 7. HP: 61/61 MP: 6/6
  3281 | D:5      | Entered Level 5 of the Dungeon
  3486 | D:5      | Found a white marble altar of Elyvilon.
  3564 | D:5      | Reached skill level 8 in Ranged Weapons
  3778 | D:5      | Noticed a two-headed ogre
  3785 | D:5      | Slain by a two-headed ogre

Illustrated notes

Levels and vault maps discovered:
D:1:      dpeg_arrival_round_c, layout_loops_ring,
          shapermc_ecumenical_altar_ellora
D:2:      layout_rooms, uniq_natasha
D:3:      layout_loops_cross, mainiacjoe_overflow_chevrons,
          nicolae_ashenzari_skybound
D:4:      layout_basic, fedhas_altar_3, serial_undead, serial_undead_e,
          serial_undead_d, serial_undead_b, serial_undead_f,
          minmay_misc_feat_alley
D:5:      layout_layer_cave, nicolae_overflow_hidden_temple

Skill      XL: |  1  2  3  4  5  6  7 |
---------------+----------------------+-----
Armour         | 1 2 3 4 5 |  5.0
Fighting       | 3 4 5 |  5.9
Ranged Weapons | 5 6 7 8 |  8.4
Dodging        | |  2.1
Stealth        | |  0.7

Action                     |  1- 3 |  4- 6 |  7- 9 || total
---------------------------+-------+-------+-------++-------
   Fire: Shortbow          |    88 |   201 |    82 ||   371
    Use: Scroll            |       |     9 |     4 ||    13
 Armour: Leather armour    |     7 |       |       ||     7
         Ring mail         |     4 |     6 |       ||    10
         Scale mail        |       |    32 |    33 ||    65
  Dodge: Dodged            |    21 |    48 |    32 ||   101
